 Dungeon Crawl Stone Soup version 0.21-a0-164-g4aaa757 (webtiles) character file.

93 Ordine the Magician (level 4, 0/24 HPs)
             Began as a Deep Elf Wizard on Aug 6, 2017.
             Splashed by Ijyb's acid (12 damage)
             ... on level 3 of the Dungeon.
             The game lasted 00:04:27 (2414 turns).

Ordine the Magician (Deep Elf Wizard)               Turns: 2414, Time: 00:04:28

Health: 0/24       AC:  4    Str:  4    XL:     4   Next: 37%
Magic:  9/13       EV: 13    Int: 24    God:
Gold:   119        SH:  0    Dex: 13    Spells: 4/13 levels left

rFire    . . .     SeeInvis .   (no weapon)
rCold    . . .     Gourm    .   (no shield)
rNeg     . . .     Faith    .   a - +1 robe
rPois    .         Spirit   .   i - +0 helmet
rElec    .         Reflect  .   (no cloak)
rCorr    .         Harm     .   (no gloves)
MR       .....                  (no boots)
Stlth    ++........             (no amulet)
HPRegen  0.08/turn              (no ring)
MPRegen  0.13/turn              (no ring)

@: no status effects
A: no striking features
a: no special abilities


You were on level 3 of the Dungeon.
You were not hungry.

You visited 1 branch of the dungeon, and saw 3 of its levels.

You collected 119 gold pieces.

Inventory:

Armour
 a - a +1 robe (worn)
 i - a +0 helmet (worn)
Scrolls
 e - a scroll of enchant armour
 f - a scroll of teleportation
 l - a scroll of fear
Potions
 g - 2 potions of lignification
 j - a potion of degeneration {unknown}
 k - a potion of cancellation
 m - a potion of curing {unknown}
 n - a potion of might {unknown}
 o - 2 potions of mutation {unknown}
Books
 c - a book of Minor Magic

   Spells                             Type                      Level
   a - Magic Dart                     Conjuration                  1
   b - Blink                          Translocation                2
   c - Call Imp                       Summoning                    2
   d - Slow                           Hexes                        2
   e - Conjure Flame                  Conjuration/Fire             3
   f - Mephitic Cloud                 Conjuration/Poison/Air       3
Comestibles
 b - 2 chunks of flesh
 d - 5 bread rations
 h - a royal jelly


   Skills:
 + Level 3.0 Dodging
 + Level 3.3 Stealth
 + Level 5.0 Spellcasting
 + Level 2.0 Conjurations
   Level 1.1 Summonings
 + Level 1.9 Translocations
 + Level 1.2 Fire Magic
 + Level 1.0 Air Magic


You had 4 spell levels left.
You knew the following spells:

 Your Spells              Type           Power        Failure   Level  Hunger
a - Magic Dart            Conj           ###.         3%          1    None
b - Blink                 Tloc           N/A          6%          2    None
c - Conjure Flame         Conj/Fire      ##......     14%         3    ##.....
d - Mephitic Cloud        Conj/Pois/Air  ##......     17%         3    ##.....


Dungeon Overview and Level Annotations

Branches:
Dungeon (3/15)

Altars:
Hepliaklqana
Zin

Annotations:
D:3 Ijyb


Message History

Ijyb is moderately wounded.
Casting: Magic Dart
Confirm with . or Enter, or press ? or * to list all spells.
Aiming: Magic Dart
Press: ? - help, Shift-Dir - straight line, f/p - Ijyb
Aim: Ijyb, wielding a dagger and wearing a leather armour (moderately wounded)
The magic dart hits Ijyb.
Ijyb is moderately wounded.
Casting: Magic Dart
Confirm with . or Enter, or press ? or * to list all spells.
Aiming: Magic Dart
Press: ? - help, Shift-Dir - straight line, f/p - Ijyb
Aim: Ijyb, wielding a dagger and wearing a leather armour (moderately wounded)
The magic dart hits Ijyb.
Ijyb is moderately wounded.
Ijyb zaps a wand.
The bolt of acid hits you!
Ouch! That really hurt!
You are splashed with acid!
The acid burns!
Ouch! That really hurt!
You die...

.#########.### ####
.............###..#
.####.>..#........#
..##.........####.#
#.....##...### #.#
.........#.# #.#
.#.#.#####.# ##.#
.#...# #.# #..#
#..## #.# #@## #.#
#.# #.# ... ...
#.g.. #.... ......


You could see Ijyb.

Vanquished Creatures
  2 adders
  2 oozes
  A worm (D:2)
  3 dart slugs
  2 leopard geckos
  An orc (D:3)
  4 giant cockroaches
  4 goblins
  7 hobgoblins
  6 jackals (D:3)
  A quokka (D:2)
  2 ball pythons (D:1)
  5 bats (D:2)
  3 frilled lizards
  3 kobolds
  8 rats
54 creatures vanquished.

Notes
Turn   | Place    | Note
-------+----------+-------------------------------------------
     0 | D:1      | Ordine the Deep Elf Wizard began the quest for the Orb.
     0 | D:1      | Reached XP level 1. HP: 10/10 MP: 7/7
   166 | D:1      | Reached XP level 2. HP: 15/15 MP: 2/9
   224 | D:1      | Learned a level 2 spell: Blink
   830 | D:2      | Reached XP level 3. HP: 19/19 MP: 9/11
   836 | D:2      | Learned a level 3 spell: Conjure Flame
   840 | D:2      | Learned a level 3 spell: Mephitic Cloud
  1094 | D:2      | Reached skill level 5 in Spellcasting
  1228 | D:2      | Noticed an angel
  1229 | D:2      | Found a glowing silver altar of Zin.
  1932 | D:3      | Reached XP level 4. HP: 23/24 MP: 5/13
  2212 | D:3      | Reached skill level 1 in Fire Magic
  2239 | D:3      | Found a hazy altar of Hepliaklqana.
  2259 | D:3      | Reached skill level 1 in Air Magic
  2410 | D:3      | Noticed Ijyb
  2414 | D:3      | Splashed by Ijyb's acid

Vault maps used:
D:1:      evilmike_arrival_fibonacci_small, minivault_26, minmay_tetromino_l2
D:2:      zin_angel, first_bread, minmay_hedge_maze
D:3:      minmay_wonky_spiral, lemuel_round_altar, uniq_ijyb

Skill      XL: |  1  2  3  4 |
---------------+-------------+-----
Stealth        | 3 |  3.3
Spellcasting   | 5 |  5.0
Conjurations   | 2 |  2.0
Dodging        | 3 |  3.0
Fire Magic     | 1 |  1.2
Air Magic      | 1 |  1.0
Summonings     | |  1.1
Translocations | |  1.9

Action                   |  1- 3 |  4- 6 || total
-------------------------+-------+-------++-------
Melee: Unarmed           |       |     8 ||     8
 Cast: Magic Dart        |   113 |    38 ||   151
  Use: Scroll            |     7 |       ||     7
  Eat: Chunk             |     2 |     2 ||     4
Armor: Robe              |     2 |     5 ||     7
Dodge: Dodged            |    10 |     9 ||    19
